 Dungeon Crawl Stone Soup version 0.21.1-1-g345015fe64 (console) character file.

5756 Kloppie the Grappler (level 10, -22/156 HPs)
             Began as a Troll Monk on May 2, 2018.
             Was a High Priest of Makhleb.
             Annihilated by a skeletal warrior
             ... wielding the +4 trident "Faeluniph" {antimagic, rElec rC++ Int+4}
              (23 damage)
             ... on level 9 of the Dungeon.
             The game lasted 00:12:32 (6668 turns).

Kloppie the Grappler (Troll Monk)                   Turns: 6668, Time: 00:12:33

Health: -22/156    AC:  7    Str: 26    XL:     10   Next: 49%
Magic:  1/11       EV: 13    Int:  6    God:    Makhleb [*****.]
Gold:   372        SH:  0    Dex: 15    Spells: 9/9 levels left

rFire    + . .     SeeInvis .     - Unarmed
rCold    + . .     Gourm    +   (no shield)
rNeg     . . .     Faith    .   B - +0 robe {MR+}
rPois    .         Spirit   .   k - +1 hat
rElec    .         Reflect  .   z - +0 cloak (curse)
rCorr    .         Harm     .   (gloves unavailable)
MR       +....                  (boots unavailable)
Stlth    ..........             w - amulet of rage
HPRegen  0.76/turn              r - ring of protection from cold (curse)
MPRegen  0.12/turn              g - ring of protection from fire

@: mighty, berserking (expiring), drained, very quick
A: large, unfitting armour, claws 3, fast metabolism 3, gourmand, regeneration
1, shaggy fur 1, tough skin 2
a: Minor Destruction, Lesser Servant of Makhleb, Major Destruction, Greater
Servant of Makhleb, Renounce Religion, Evoke Berserk Rage


You were on level 9 of the Dungeon.
You worshipped Makhleb.
Makhleb was extremely pleased with you.
You were very full.

You visited 1 branch of the dungeon, and saw 9 of its levels.

You collected 372 gold pieces.

Inventory:

Armour
 a - a +0 robe of cold resistance
 k - a +1 hat (worn)
 z - a cursed +0 cloak (worn)
 B - a +0 robe of magic resistance (worn)
Jewellery
 d - an uncursed ring of flight
 g - a ring of protection from fire (right claw)
 r - a cursed ring of protection from cold (left claw)
 w - an amulet of rage (around neck)
Wands
 h - a wand of paralysis (18)
 u - a wand of iceblast (13)
 x - a wand of disintegration (11)
Scrolls
 e - 3 scrolls of fog
 i - a scroll of blinking
 j - 3 scrolls of teleportation
 l - 5 scrolls of remove curse
 y - 2 scrolls of torment
 C - a scroll of magic mapping
 D - 2 scrolls of enchant weapon
Potions
 c - 3 potions of lignification
 f - a potion of magic
 m - 3 potions of mutation
 n - a potion of cancellation
 o - 2 potions of ambrosia
 q - 2 potions of resistance
 t - 2 potions of haste
 A - 2 potions of curing
 F - a potion of degeneration {unknown}
Comestibles
 b - 25 rations


   Skills:
 - Level 8.0(7.4) Fighting
 + Level 6.7(6.1) Dodging
 - Level 1.0(0.5) Stealth
 + Level 10.5(9.8) Unarmed Combat
 - Level 2.9(2.4) Invocations


You had 9 spell levels left.
You didn't know any spells.

Dungeon Overview and Level Annotations

Branches:
Dungeon (9/15)             Temple (0/1) D:7            Lair (0/6) D:9
    Orc: D:9-12

Altars:
Ashenzari
Dithmenos
Fedhas
Hepliaklqana
Kikubaaqudgha
Makhleb
Nemelex Xobeh
Okawaru
Qazlal
Trog
Yredelemnul
Zin
The Shining One

Shops:
D:4 }


Innate Abilities, Weirdness & Mutations

You are too large for most types of armour.
You have claws for hands.
Your metabolism is lightning-fast.
You like to eat raw meat.
Your natural rate of healing is unusually fast.
You are covered in fur. (AC +1)
You have very tough skin. (AC +2)


Message History

You feel your power leaking away.
The skeletal warrior hits you with a short sword of speed.
* * * LOW HITPOINT WARNING * * *
You feel a strong urge to attack something.
You claw the skeletal warrior!
The skeletal warrior is moderately damaged.
You scratch the skeletal warrior.
The skeletal warrior is moderately damaged.
The skeletal warrior hits you with a shimmering trident {antimagic}!
* * * LOW HITPOINT WARNING * * *
You claw the skeletal warrior!
You claw the skeletal warrior, but do no damage.
The skeletal warrior is severely damaged.
The skeletal warrior hits you with a short sword of speed!
* * * LOW HITPOINT WARNING * * *
You mangle the skeletal warrior!!
The skeletal warrior is almost destroyed.
The skeletal warrior closely misses you.
The skeletal warrior hits you with a shimmering trident {antimagic}!!
You die...

#......(.......#
.##........########
...................
....z.z....#######.
.##.......## #....##.#
#.... #z## #.... #zz#
#.... ##@#
########.####### .
................ ..
######..#######
...#######....#
..#...≈...#...## #.....
....#...#......####.....
...##.P.##...#<........
#..P.P....#.#.......#


You could see 3 skeletal warriors.

Vanquished Creatures
  The ghost of freekh the Carver, an amateur GnWn of Makhleb (D:4)
  A hippogriff (D:9)
  A spriggan (D:7)
  3 wyverns
  4 yaks (D:9)
  Eustachio (D:4)
  The ghost of Dommiel19 the Conjurer, an amateur GnCj (D:3)
  4 sky beasts
  3 orc warriors
  A black bear (D:9)
  4 ice beasts
  2 ogres
  A phantom (D:8)
  A big kobold (D:9)
  2 bullfrogs
  7 scorpions
  A water moccasin skeleton (D:7)
  3 killer bees (D:7)
  3 wights (D:9)
  An electric eel (D:7)
  5 howler monkeys
  A centaur zombie (D:9)
  2 crimson imps
  3 jellies
  4 hounds
  9 orc priests
  11 orc wizards
  Ijyb (D:3)
  A bullfrog skeleton (D:8)
  An iguana (D:8)
  4 worker ants
  A hound skeleton (D:5)
  A worker ant zombie (D:6)
  2 howler monkey skeletons
  Robin (D:4)
  7 gnolls
  10 adders
  3 shadow imps
  6 adder skeletons
  2 worms
  3 dart slugs
  3 leopard geckos
  48 orcs
  5 giant cockroaches
  9 hobgoblins
  13 jackals
  8 kobolds
  6 quokkas
  A ball python (D:5)
  9 bats
  A frilled lizard (D:1)
  13 goblins
  A leopard gecko zombie (D:7)
  A quokka skeleton (D:7)
  A quokka zombie (D:5)
  5 rats
  A fungus (D:4)
248 creatures vanquished.

Vanquished Creatures (others)
  A wizard (D:5)
  A fungus (D:9)
  3 plants (D:9)
5 creatures vanquished.

Grand Total: 253 creatures vanquished

Notes
Turn   | Place    | Note
-------+----------+-------------------------------------------
     0 | D:1      | Kloppie the Troll Monk began the quest for the Orb.
     0 | D:1      | Reached XP level 1. HP: 22/22 MP: 0/0
    85 | D:1      | Reached XP level 2. HP: 29/29 MP: 1/1
   548 | D:2      | Reached XP level 3. HP: 23/37 MP: 2/2
   606 | D:2      | Found a glowing silver altar of Zin.
   613 | D:2      | Found a basalt altar of Yredelemnul.
   613 | D:2      | Found a hazy altar of Hepliaklqana.
   615 | D:2      | Found a burning altar of Makhleb.
   615 | D:2      | Found a sparkling altar of Nemelex Xobeh.
   616 | D:2      | Found a blossoming altar of Fedhas.
   635 | D:2      | Became a worshipper of Makhleb the Destroyer
   635 | D:2      | Reached * piety under Makhleb
   635 | D:2      | Reached ** piety under Makhleb
   790 | D:2      | Found a stormy altar of Qazlal.
   910 | D:2      | Reached skill level 4 in Unarmed Combat
   910 | D:2      | Reached XP level 4. HP: 45/45 MP: 3/3
  1069 | D:2      | Found a glowing golden altar of the Shining One.
  1151 | D:3      | Noticed Dommiel19's ghost (amateur GnCj)
  1168 | D:3      | Killed Dommiel19's ghost
  1168 | D:3      | Reached XP level 5. HP: 15/54 MP: 4/4
  1232 | D:3      | Reached skill level 5 in Unarmed Combat
  1333 | D:3      | Noticed Ijyb
  1343 | D:3      | Killed Ijyb
  1394 | D:3      | Found a shadowy altar of Dithmenos.
  1418 | D:3      | Reached XP level 6. HP: 61/63 MP: 5/5
  1832 | D:4      | Noticed freekh's ghost (amateur GnWn)
  1857 | D:4      | Killed freekh's ghost
  1857 | D:4      | Reached skill level 5 in Fighting
  1857 | D:4      | Reached skill level 6 in Unarmed Combat
  1857 | D:4      | Reached XP level 7. HP: 55/72 MP: 6/6
  1867 | D:4      | Reached *** piety under Makhleb
  1933 | D:4      | Noticed Robin
  1936 | D:4      | Killed Robin
  2042 | D:4      | Found Texeawun's Gadget Emporium.
  2315 | D:4      | Reached skill level 7 in Unarmed Combat
  2345 | D:4      | Found the +7 Singing Sword
  2374 | D:4      | Reached XP level 8. HP: 68/83 MP: 7/7
  2645 | D:4      | Noticed Eustachio
  2653 | D:4      | Killed Eustachio
  2722 | D:5      | Entered Level 5 of the Dungeon
  2812 | D:5      | Reached skill level 8 in Unarmed Combat
  3096 | D:5      | Reached **** piety under Makhleb
  3477 | D:5      | Found a bloodstained altar of Trog.
  3478 | D:5      | Noticed a wizard
  3484 | D:5      | Killed a wizard
  3611 | D:5      | Found a bloodstained altar of Trog.
  3617 | D:5      | Found a shattered altar of Ashenzari.
  3908 | D:6      | Reached skill level 1 in Invocations
  4091 | D:6      | Reached XP level 9. HP: 92/92 MP: 8/10
  4510 | D:7      | Found an ancient bone altar of Kikubaaqudgha.
  4557 | D:7      | Found a staircase to the Ecumenical Temple.
  4563 | D:7      | Got a serpentine brass amulet
  4656 | D:7      | HP: 2/93 [orc warrior/glaive (16)]
  4791 | D:7      | Identified the amulet of Yesterday {Inacc +Blink rF- MP+9 Str+2} (You found it on level 7 of the Dungeon)
  5238 | D:7      | Found an iron altar of Okawaru.
  5453 | D:8      | Reached skill level 9 in Unarmed Combat
  5510 | D:8      | Reached skill level 5 in Dodging
  5511 | D:8      | Reached ***** piety under Makhleb
  5710 | D:8      | Reached XP level 10. HP: 103/104 MP: 11/11
  6373 | D:9      | Reached skill level 10 in Unarmed Combat
  6612 | D:9      | Found a staircase to the Lair.
  6645 | D:9      | Noticed a skeletal warrior
  6647 | D:9      | Noticed a skeletal warrior
  6661 | D:9      | Noticed a skeletal warrior
  6667 | D:9      | HP: 1/156 [skeletal warrior/short sword of speed[a skeletal warrior] (15)]
  6668 | D:9      | Identified the +4 trident "Faeluniph" {antimagic, rElec rC++ Int+4}
  6668 | D:9      | Annihilated by a skeletal warrior

Skill      XL: |  1  2  3  4  5  6  7  8  9 10 |
---------------+-------------------------------+-----
Fighting       | 3 4 5 6 8 |  8.0
Unarmed Combat | 4 5 6 7 8 9 10 | 10.5
Invocations    | 2 |  2.9
Dodging        | 5 6 |  6.7
Stealth        | |  1.0

Action                   |  1- 3 |  4- 6 |  7- 9 | 10-12 || total
-------------------------+-------+-------+-------+-------++-------
Melee: Unarmed           |    79 |   144 |   364 |   134 ||   721
       Punch             |       |     4 |    11 |     5 ||    20
 Abil: Evoke Berserk Rag |       |       |       |     1 ||     1
  Use: Scroll            |       |     6 |    11 |     4 ||    21
       Potion            |       |     1 |     2 |     2 ||     5
 Stab: Sleeping          |     3 |     2 |     6 |     1 ||    12
       Distracted        |       |       |     1 |       ||     1
  Eat: Chunk             |    14 |     8 |    36 |     8 ||    66
Armor: Robe              |    39 |    40 |    82 |    36 ||   197
       Skin              |       |       |     1 |       ||     1
Dodge: Dodged            |    41 |    62 |   159 |    65 ||   327
